 Dungeon Crawl Stone Soup version 0.28-a0-872-g80cf8599ee (webtiles) character file.

Game seed: 15772225026125674012

14963 croobank the Peltast (level 11, -14/138 HPs)
             Began as a Minotaur Berserker on Nov 20, 2021.
             Was a High Priest of Trog.
             Demolished by a skeletal warrior (18 damage)
             ... led by a skeletal warrior
             ... on level 13 of the Dungeon on Nov 21, 2021.
             The game lasted 01:16:53 (9932 turns).

croobank the Peltast (Minotaur Berserker)           Turns: 9932, Time: 01:16:53

Health: -14/138    AC: 16    Str: 34    XL:     11   Next: 95%
Magic:  10/10      EV: 14    Int:  1    God:    Trog [*****.]
Gold:   605        SH:  8    Dex: 11    Spells: 10/10 levels left

rFire   + . .      SeeInvis .   r - +8 broad axe "Odohurch" {protect, rPois Str+10 Int-3}
rCold   + . .      Faith    .   y - +1 buckler
rNeg    . . .      Spirit   .   u - +1 steam dragon scales
rPois   +          Reflect  .   (helmet restricted)
rElec   .          Harm     .   h - +0 cloak
rCorr   .          Rampage  .   k - +0 pair of gloves
Will    ++...                   (no boots)
Stlth   ..........              (no amulet)
HPRegen 1.33/turn               m - ring of protection from fire
MPRegen 0.12/turn               l - ring of protection from cold

@: berserking (expiring), strong-willed, under a protective aura, regenerating,
very quick
A: horns 2, retaliatory headbutt, screaming 1
a: Renounce Religion, Berserk, Trog's Hand, Brothers in Arms


You were on level 13 of the Dungeon.
You worshipped Trog.
Trog was extremely pleased with you.
You visited 1 branch of the dungeon, and saw 13 of its levels.

You collected 605 gold pieces.

Inventory:

Hand Weapons
 a - a +1 hand axe
 c - a +3 short sword
 e - a +3 quarterstaff of chaos
 f - a +2 mace of holy wrath
 q - a +1 trident of venom
 r - the +8 broad axe "Odohurch" (weapon) {protect, rPois Str+10 Int-3}
   (You acquired it on level 4 of the Dungeon)

   It grants its wielder temporary protection when it strikes (+7 to AC).
   Str:       It affects your strength (+10).
   Int:       It affects your intelligence (-3).
   rPois:     It protects you from poison.
 D - a +0 spear of distortion
 H - a +2 vampiric falchion
 I - a +4 trident
 L - a +1 short sword of freezing
 N - a +1 spear of freezing
 P - a +5 flail
Missiles
 b - 47 poisoned darts (quivered)
 g - 201 stones
 z - a throwing net
 A - 4 boomerangs of dispersal
 F - 6 boomerangs
 G - 2 javelins
Armour
 h - a +0 cloak (worn)
 j - a +3 leather armour
 k - a +0 pair of gloves (worn)
 u - +1 steam dragon scales (worn)
 w - +0 ice dragon scales
 y - a +1 buckler (worn)
 B - a +3 ring mail
 R - a +0 plate armour
Jewellery
 l - a ring of protection from cold (right hand)
 m - a ring of protection from fire (left hand)
Wands
 d - a wand of iceblast (6)
 i - a wand of mindburst (9)
 v - a wand of paralysis (6)
 x - a wand of acid (19)
 J - a wand of flame (28)
Scrolls
 n - 6 scrolls of teleportation
 o - 4 scrolls of immolation
 s - 2 scrolls of vulnerability
 E - 2 scrolls of fear
 K - a scroll of holy word
 O - a scroll of amnesia
 Q - 3 scrolls of identify
 S - a scroll of enchant weapon
 U - 2 scrolls of magic mapping {unknown}
Potions
 p - a potion of haste
 t - a potion of curing
 M - a potion of mutation
 T - a potion of magic {unknown}


   Skills:
 - Level 7.5 Fighting
 + Level 13.8 Axes
 - Level 1.1(9.0) Polearms
 - Level 0.8 Throwing
 - Level 5.8 Armour
 + Level 6.1 Dodging
 - Level 2.2 Stealth
 - Level 15.1 Shields
 - Level 0.1 Evocations


You had 10 spell levels left.
You didn't know any spells.
Your spell library contained the following spells:

 Spells                   Type           Power      Damage    Failure   Level
 Beastly Appendage        Tmut           0%         N/A       56%         1
 Blink                    Tloc           0%         N/A       71%         2
 Static Discharge         Conj/Air       0%         N/A       71%         2
 Sublimation of Blood     Necr           0%         N/A       71%         2
 Wereblood                Tmut           0%         N/A       71%         2
 Frozen Ramparts          Ice            0%         1d2       91%         3
 Lesser Beckoning         Tloc           0%         N/A       91%         3
 Spider Form              Tmut/Pois      0%         N/A       91%         3
 Tukima's Dance           Hex            0%         N/A       91%         3
 Cause Fear               Hex            0%         N/A       100%        4
 Ice Form                 Ice/Tmut       0%         N/A       100%        4
 Passage of Golubria      Tloc           0%         N/A       100%        4
 Petrify                  Tmut/Erth      0%         N/A       100%        4
 Summon Ice Beast         Ice/Summ       0%         N/A       100%        4
 Irradiate                Conj/Tmut      0%         3d14      100%        5
 Lightning Bolt           Conj/Air       0%         1d11      100%        5
 Manifold Assault         Tloc           0%         N/A       100%        5
 Yara's Violent Unravell  Hex/Tmut       0%         3d3       100%        5
 Dragon Form              Tmut           0%         N/A       100%        7
 Maxwell's Capacitive Co  Air            0%         ∞         100%        8
 Dragon's Call            Summ           0%         N/A       100%        9


Dungeon Overview and Level Annotations

Branches:
Dungeon (14/15)            Temple (0/1) D:5            Lair (0/6) D:11
    Orc (0/2) D:9
 Vaults: D:13-14

Altars:
Ashenzari
Dithmenos
Fedhas
Hepliaklqana
Makhleb
Nemelex Xobeh
Okawaru
Ru
Trog
Vehumet
Wu Jian
Yredelemnul
Zin
The Shining One

Portals:
Abyss: D:6

Annotations:
D:11 exclusion: oklob plant


Innate Abilities, Weirdness & Mutations

You have a pair of horns on your head.
You reflexively headbutt those who attack you in melee.
You occasionally shout uncontrollably at your foes.


Message History

The skeletal warrior hits you but does no damage.
You slice Maurice!! Your headbutt misses Maurice.
Maurice is severely wounded.
You closely miss something. Something hits you but does no damage.
Maurice hits you with a +0 short sword!
* * * LOW HITPOINT WARNING * * *
Maurice steals 1 of your 2 potions of curing!
You slash Maurice! Your headbutt misses Maurice.
Maurice is almost dead.
The skeletal warrior hits you from afar with a +0 trident.
* * * LOW HITPOINT WARNING * * *
Something hits you but does no damage.
You slice Maurice!!
You kill Maurice!
Trog accepts your kill.
Trog appreciates your killing of a magic user.
You slice something!! Something hits you.
* * * LOW HITPOINT WARNING * * *
Something hits you but does no damage. The skeletal warrior misses you.
You slash the skeletal warrior!
Your headbutt misses the skeletal warrior.
The skeletal warrior is heavily damaged.
You block something's attack.
The skeletal warrior hits you with a +0 trident!
* * * LOW HITPOINT WARNING * * *
You are too berserk!
You are too berserk!
You are too berserk!
You hit the skeletal warrior but do no damage.
The skeletal warrior is heavily damaged.
You slash something! Something hits you but does no damage.
You closely miss the skeletal warrior.
Your headbutt misses the skeletal warrior.
The skeletal warrior is heavily damaged.
You slash something! Trog accepts your kill.
Reactivating autopickup.
You feel a bit more experienced.
The skeletal warrior hits you with a +0 trident!!
You die...

..##...#
.!......#
......#.#
...#....########
<..............
#............
#..))).......
#..)..)......
#....@.......
........z.......
####............
#.....#######
#######


You could see a skeletal warrior.

Vanquished Creatures
  Fannar (D:10)
  4 two-headed ogres
  4 skeletal warriors (D:13)
  The ghost of ders the Insei, a novice GnTm (D:6)
  A cyclops (D:11)
  Joseph (D:7)
  2 centaur zombies
  Maurice (D:13)
  An unseen horror (D:13)
  2 trolls (D:10)
  Grinder (D:3)
  A small abomination (D:6)
  11 yaks
  2 wyverns
  Eustachio (D:6)
  Grum (D:8)
  A steam dragon (D:7)
  Menkaure (D:7)
  2 water moccasins
  Duvessa (D:7)
  3 black bears
  2 ice beasts (D:6)
  A sky beast (D:8)
  5 orc warriors
  An ogre (D:5)
  3 wolves (D:8)
  A centaur (D:10)
  2 phantoms (D:6)
  2 kobold brigands
  A bullfrog (D:9)
  2 scorpions (D:6)
  A wyvern zombie (D:8)
  A gnoll sergeant (D:6)
  A water moccasin skeleton (D:6)
  Dowan (D:7)
  16 killer bees
  6 wights
  7 howler monkeys
  A hound (D:5)
  Crazy Yiuf (D:3)
  2 gnoll shamans
  6 orc priests
  A bullfrog skeleton (D:5)
  2 centaur skeletons
  2 iguanas
  10 orc wizards
  Ijyb (D:3)
  A killer bee zombie (D:9)
  2 howler monkey zombies
  9 gnolls
  4 adders
  A shadow imp (D:5)
  3 white imps
  4 worms
  3 dart slugs
  29 orcs
  6 ball pythons
  4 endoplasms
  4 giant cockroaches
  4 goblins
  8 hobgoblins
  6 jackals
  A quokka (D:3)
  3 training dummies (D:5)
  6 bats
  3 frilled lizards
  A jackal skeleton (D:4)
  8 kobolds
  6 rats
238 creatures vanquished.

Vanquished Creatures (others)
  An orc (D:7)
  A plant (D:6)
2 creatures vanquished.

Grand Total: 240 creatures vanquished

Notes
Turn   | Place    | Note
-------+----------+-------------------------------------------
     0 | D:1      | croobank the Minotaur Berserker began the quest for the
                  | Orb.
     0 | D:1      | Reached XP level 1. HP: 19/19 MP: 0/0
   388 | D:1      | Reached XP level 2. HP: 27/27 MP: 1/1
  1034 | D:2      | Reached XP level 3. HP: 33/33 MP: 2/2
  1353 | D:2      | Reached ** piety under Trog
  1675 | D:3      | Reached XP level 4. HP: 40/41 MP: 3/3
  1837 | D:3      | Found a runed translucent door.
  1838 | D:3      | Noticed Crazy Yiuf
  1852 | D:3      | Killed Crazy Yiuf
  1854 | D:3      | Gained mutation: You occasionally shout uncontrollably at
                  | your foes. [potion of mutation]
  2164 | D:3      | Reached skill level 5 in Axes
  2210 | D:3      | Found a faded altar of an unknown god.
  2218 | D:3      | Noticed Grinder
  2224 | D:3      | Paralysed by Grinder for 4 turns
  2243 | D:3      | Paralysed by Grinder for 4 turns
  2249 | D:3      | Paralysed by Grinder for 4 turns
  2260 | D:3      | Killed Grinder
  2261 | D:3      | Reached XP level 5. HP: 36/47 MP: 4/4
  2261 | D:3      | Reached XP level 6. HP: 40/53 MP: 5/5
  2410 | D:3      | Noticed Ijyb
  2419 | D:3      | Killed Ijyb
  3021 | D:4      | Reached skill level 1 in Polearms
  3097 | D:4      | Identified a scroll of acquirement
  3098 | D:4      | Acquired the +8 broad axe "Odohurch" {protect, rPois Str+10
                  | Int-3}
  3270 | D:4      | Found a glowing golden altar of the Shining One.
  3763 | D:5      | Entered Level 5 of the Dungeon
  3792 | D:5      | Found a staircase to the Ecumenical Temple.
  3806 | D:5      | Reached skill level 1 in Stealth
  3816 | D:5      | Reached skill level 5 in Armour
  3816 | D:5      | Reached XP level 7. HP: 60/60 MP: 6/6
  3821 | D:5      | Found Plog's Firing Range.
  3890 | D:5      | Reached skill level 5 in Fighting
  3890 | D:5      | Reached *** piety under Trog
  4472 | D:6      | Found a one-way gate to the infinite horrors of the Abyss.
  4472 | D:6      | Noticed ders's ghost (novice GnTm)
  4473 | D:6      | Noticed a small abomination
  4496 | D:6      | Found a transporter.
  4503 | D:6      | Found a transporter.
  4523 | D:6      | Killed a small abomination
  4524 | D:6      | Reached XP level 8. HP: 57/70 MP: 7/7
  4527 | D:6      | Identified the +9 war axe of Raaxked {speed, rC- rCorr
                  | Str+2 Dex+4}
  4608 | D:6      | Killed ders's ghost
  4709 | D:6      | Reached skill level 10 in Axes
  5037 | D:6      | Reached XP level 9. HP: 77/77 MP: 8/8
  5051 | D:6      | Noticed Eustachio
  5061 | D:6      | Killed Eustachio
  5078 | D:6      | Reached **** piety under Trog
  5136 | D:6      | Reached skill level 2 in Shields
  5358 | D:6      | Reached skill level 3 in Shields
  5564 | D:7      | Noticed Joseph
  5571 | D:7      | Killed Joseph
  5572 | D:7      | Reached skill level 6 in Shields
  5582 | D:7      | Reached skill level 7 in Shields
  5593 | D:7      | Noticed Menkaure
  5598 | D:7      | Killed Menkaure
  5857 | D:7      | Reached skill level 8 in Shields
  5857 | D:7      | Reached XP level 10. HP: 83/86 MP: 9/9
  5867 | D:7      | Noticed Duvessa
  5867 | D:7      | Noticed Dowan
  5881 | D:7      | Killed Dowan
  5883 | D:7      | Killed Duvessa
  6004 | D:7      | Found a bloodstained altar of Trog.
  6438 | D:8      | Noticed a two-headed ogre
  6448 | D:8      | Killed a two-headed ogre
  6449 | D:8      | Reached skill level 9 in Shields
  6450 | D:8      | Reached skill level 10 in Shields
  6757 | D:8      | Noticed Grum
  6765 | D:8      | Killed Grum
  6768 | D:8      | Reached skill level 11 in Shields
  7099 | D:8      | Found a sacrificial altar of Ru.
  7101 | D:8      | Found an iron altar of Okawaru.
  7104 | D:8      | Found a shadowy altar of Dithmenos.
  7116 | D:8      | Found an ornate altar of the Wu Jian Council.
  7117 | D:8      | Found a broken altar of Ashenzari.
  7117 | D:8      | Found a radiant altar of Vehumet.
  7117 | D:8      | Found a blossoming altar of Fedhas.
  7118 | D:8      | Found a basalt altar of Yredelemnul.
  7119 | D:8      | Found a sparkling altar of Nemelex Xobeh.
  7120 | D:8      | Found a burning altar of Makhleb.
  7121 | D:8      | Found a glowing silver altar of Zin.
  7122 | D:8      | Found a hazy altar of Hepliaklqana.
  7240 | D:8      | Noticed a two-headed ogre
  7249 | D:8      | Killed a two-headed ogre
  7250 | D:8      | Reached skill level 12 in Shields
  7888 | D:9      | Found a staircase to the Orcish Mines.
  7895 | D:9      | Reached skill level 13 in Shields
  7899 | D:9      | Reached XP level 11. HP: 92/92 MP: 10/10
  8361 | D:9      | Reached ***** piety under Trog
  8363 | D:9      | Reached skill level 14 in Shields
  8900 | D:10     | Entered Level 10 of the Dungeon
  8931 | D:10     | Noticed a two-headed ogre
  8942 | D:10     | Killed a two-headed ogre
  9252 | D:10     | Noticed a two-headed ogre
  9257 | D:10     | Killed a two-headed ogre
  9258 | D:10     | Reached skill level 15 in Shields
  9288 | D:10     | Noticed Fannar
  9305 | D:10     | Killed Fannar
  9306 | D:10     | Reached skill level 5 in Dodging
  9708 | D:11     | Found a staircase to the Lair.
  9708 | D:11     | Noticed an oklob plant
  9866 | D:11     | You fall into a shaft and drop 3 floors!
  9911 | D:13     | Noticed Maurice
  9911 | D:13     | Noticed a skeletal warrior
  9911 | D:13     | Noticed a skeletal warrior
  9911 | D:13     | Noticed a skeletal warrior
  9911 | D:13     | Noticed a skeletal warrior
  9911 | D:13     | Noticed a skeletal warrior
  9916 | D:13     | Killed a skeletal warrior
  9917 | D:13     | Killed a skeletal warrior
  9917 | D:13     | Killed a skeletal warrior
  9921 | D:13     | Killed a skeletal warrior
  9928 | D:13     | Killed Maurice
  9930 | D:13     | HP: 2/138 [skeletal warrior[a skeletal warrior] (14)]
  9932 | D:13     | Demolished by a skeletal warrior

Illustrated notes

Levels and vault maps discovered:
D:1:      dpeg_arrival_castle, layout_basic
D:2:      layout_basic
D:3:      layout_basic, shapermc_ecumenical_altar_totnotflames, minmay_cupped,
          uniq_ijyb, uniq_grinder, uniq_crazy_yiuf_cottage
D:4:      layout_basic, tso_altar
D:5:      layout_loops_ring, minmay_temple_entry_hall, nicolae_shop_firing_range
D:6:      cheibrodos_two_vegetables, layout_basic,
          gammafunk_ghost_abyssal_escape, uniq_eustachio
D:7:      layout_basic, lightli_temple_of_fire, uniq_menkaure, uniq_joseph,
          uniq_duvessa
D:8:      layout_loops_corners, minitemple, minivault_23, uniq_grum
D:9:      layout_basic, david_orc_2, hangedman_decor_push, chequers_mini_garden
D:10:     layout_big_octagon, minmay_circle_x, uniq_fannar
D:11:     nzn_winding_woodlands_medium [nzn_winding_woodlands_5x5_default,
          nzn_winding_woodlands_5x15_crooked,
          nzn_winding_woodlands_5x5_open_star,
          nzn_winding_woodlands_5x5_perimeter,
          nzn_winding_woodlands_center_pierced_h,
          nzn_winding_woodlands_5x5_cross,
          nzn_winding_woodlands_5x5_checkerboard,
          nzn_winding_woodlands_5x15_parted,
          nzn_winding_woodlands_5x5_closed_star], layout_cave_pools,
          dpeg_oklobed_lair, uniq_erolcha, uniq_snorg
D:13:     layout_rooms, hex_medium, nicolae_uskayaw_suspiria, uniq_maurice
D:14:     layout_cave_pods, grunt_vaults_entry_fortified,
          kennysheep_treasure_room

Skill      XL: |  1  2  3  4  5  6  7  8  9 10 11 |
---------------+----------------------------------+-----
Axes           | 4 6 8 10 11 13 | 13.8
Fighting       | 4 5 6 7 |  7.5
Armour         | 3 4 5 |  5.8
Dodging        | 3 4 6 |  6.1
Polearms       | 1 |  1.1
Stealth        | 1 2 |  2.2
Shields        | 8 13 15 | 15.1
Throwing       | |  0.8
Evocations     | |  0.1

Action                   |  1- 3 |  4- 6 |  7- 9 | 10-12 || total
-------------------------+-------+-------+-------+-------++-------
Melee: Hand axe          |    69 |    48 |       |       ||   117
       Headbutt          |     8 |    14 |    22 |    50 ||    94
       Trident           |       |    23 |       |       ||    23
       Broad axe         |       |     9 |   112 |   209 ||   330
Throw: Dart              |       |     3 |       |       ||     3
       Javelin           |       |       |     1 |       ||     1
Invok: Berserk           |       |     2 |     1 |     2 ||     5
       Trog's Hand       |       |       |       |     1 ||     1
Evoke: Wand              |       |       |     1 |     7 ||     8
  Use: Scroll            |     5 |     6 |     2 |     5 ||    18
       Potion            |       |     4 |       |       ||     4
Armor: Ring mail         |    22 |     9 |    20 |       ||    51
       Leather armour    |       |    20 |    30 |       ||    50
       Steam dragon scal |       |       |     1 |    71 ||    72
Dodge: Dodged            |    55 |    52 |    60 |   110 ||   277
Block: Buckler           |       |       |    11 |    78 ||    89

Table legend: (Time is in decaauts)
 A = Elapsed time spent in this place.
 B = Non-inter-level travel time spent in this place.
 C = Inter-level travel time spent in this place.
 D = Time resting spent in this place.
 E = Time spent auto-exploring this place.
 F = Levels seen in this place.
 G = Mean time per level.
                   A        B        C        D        E       F      G
               +--------+--------+--------+--------+--------+-----+--------+
         Total |  10042 |   9704 |    338 |    535 |   7045 |  13 |  772.5 |
       Dungeon |  10042 |   9704 |    338 |    535 |   7045 |  13 |  772.5 |
               +--------+--------+--------+--------+--------+-----+--------+

Top non-repeatable levels by time:
     D:8: 1327 daAuts
     D:9: 1261 daAuts
     D:6: 1167 daAuts
     D:3: 1124 daAuts
     D:4: 1030 daAuts
     D:1: 1002 daAuts
    D:10: 787 daAuts
     D:7: 761 daAuts
     D:5: 685 daAuts
     D:2: 653 daAuts
    D:11: 179 daAuts
    D:14: 44 daAuts
    D:13: 17 daAuts
